 Dungeon Crawl Stone Soup version 0.18-a0-1413-g4eaa9ac (console) character file.

485 Liam the Conjurer (level 6, 0/32 HPs)
             Began as a Deep Elf Conjurer on Feb 25, 2016.
             Slain by a quasit (2 damage)
             ... summoned by Eustachio
             ... on level 4 of the Dungeon.
             The game lasted 00:07:08 (3583 turns).

Liam the Conjurer (Deep Elf Conjurer)               Turns: 3583, Time: 00:07:08

Health: 0/32       AC:  3    Str:  4 (5)  XL:     6   Next: 88%
Magic:  10/17      EV: 12    Int: 27 (28) God:
Gold:   22         SH:  0    Dex: 13 (15) Spells: 3 memorised, 7 levels left

rFire  . . .     SeeInvis .     (no weapon)
rCold  . . .     Gourm    +     a - +0 robe
rNeg   . . .     Faith    .     (no shield)
rPois  .         Spirit   .     (no helmet)
rElec  .         Dismiss  .     (no cloak)
rCorr  .         Reflect  .     (no gloves)
SustAt .         Harm     .     k - +0 pair of boots
MR     .....                    n - amulet of the gourmand
Stlth  ++........               m - ring of wizardry
                                p - +6 ring of intelligence

@: flying, not resistant to hostile enchantments, unstealthy
A: no striking features
a: no special abilities


You were on level 4 of the Dungeon.
You were full.

You visited 1 branch of the dungeon, and saw 4 of its levels.

You collected 111 gold pieces.
You spent 89 gold pieces at shops.

Inventory:

Armour
 a - a +0 robe (worn)
 k - a +0 pair of boots (worn)
Jewellery
 j - an uncursed ring of fire
 m - a ring of wizardry (right hand)
 n - an amulet of the gourmand (around neck)
 p - a +6 ring of intelligence (left hand)
 u - a +5 ring of strength {unknown}
Scrolls
 f - 3 scrolls of identify {unknown}
 g - a scroll of random uselessness {unknown}
 t - a scroll of magic mapping {unknown}
 w - a scroll of amnesia {unknown}
 x - a scroll of acquirement {unknown}
Potions
 l - 2 potions of lignification
 r - a potion of cancellation
Books
 b - a book of Conjurations

   Spells                             Type                      Level
   a - Magic Dart                     Conjuration                  1
   b - Searing Ray                    Conjuration                  2
   c - Dazzling Spray                 Conjuration/Hexes            3
   d - Fulminant Prism                Conjuration/Hexes            4
   e - Iskenderun's Mystic Blast      Conjuration                  4
   f - Iskenderun's Battlesphere      Conjuration/Charms           5
Comestibles
 c - 4 bread rations
 h - 2 meat rations
 o - a beef jerky
 q - 2 fruits


   Skills:
 - Level 2.4 Dodging
 - Level 2.4 Stealth
 + Level 6.2 Spellcasting
 + Level 7.0 Conjurations
 + Level 4.3 Charms


You had 7 spell levels left.
You knew the following spells:

 Your Spells              Type           Power        Failure   Level  Hunger
a - Magic Dart            Conj           ####         1%          1    None
p - Iskenderun's Battles  Conj/Chrm      #####...     9%          5    #####..
x - Iskenderun's Mystic   Conj           #####...     1%          4    ###....


Dungeon Overview and Level Annotations

Branches:
Dungeon (4/15)
 Temple: D:4-7

Altars:

Shops:
D:4 *

Annotations:
D:4 Eustachio, Sigmund


Message History

The ufetubus is unaffected.
The bat looks frightened!
The quasit is unaffected.
It was a scroll of fear.
The ufetubus disappears in a puff of smoke!
Eustachio casts a spell.
Eustachio blinks!
Your transformation has ended.
Your +0 pair of boots unmelds from your body.
Your +0 robe unmelds from your body.
Your +6 ring of intelligence unmelds from your body.
Your ring of wizardry unmelds from your body.
You feel clever.
Sigmund the Dreaded comes into view.
He is wielding a scythe.
The quasit closely misses you. The quasit claws you.
* * * LOW HITPOINT WARNING * * *
The quasit claws you but does no damage.
The quasit bites you.
* * * LOW HITPOINT WARNING * * *
The quasit claws you but does no damage.
The quasit barely misses you. The quasit bites you.
You die...

#....###### #..#.
#..# #......... ....
#..# #.......# ##...
#..# #..PPP..#
##@#.. #@.#
.#(P∩...# #..#...
#..# ...PPP..#
#..#..5# #..#
.....)..# #..# #..#
.#...##.# #.5# #..#
.##.###.# #5@# #..#
.##...#.#
##..########..#
.##.#.#.##
#............^#
.##.#....#
#.###...#.###.#
.##.##.#.##
#.###.###.....#
.##.##....## #.##..#
#.#####
..#.###.#.§###.##5##
#.# #)#.#
#....##..##.# #.#
#.#.# ####..#@###.#
#.#


You could see Sigmund (wandering) and 2 quasits.

Vanquished Creatures
  Edmund (D:4)
  2 orc priests
  3 orc wizards
  Jessica (D:2)
  An iguana (D:4)
  5 adders (D:2)
  3 oozes
  An adder skeleton (D:4)
  4 worms
  3 dart slugs
  2 giant geckos
  14 orcs
  4 ball pythons
  7 giant cockroaches
  8 goblins
  8 hobgoblins
  3 jackals (D:4)
  2 quokkas
  5 bats
  4 giant newts
  7 kobolds
  4 rats
92 creatures vanquished.

Notes
Turn   | Place    | Note
--------------------------------------------------------------
     0 | D:1      | Liam the Deep Elf Conjurer began the quest for the Orb.
     0 | D:1      | Reached XP level 1. HP: 10/10 MP: 6/6
   186 | D:1      | Reached XP level 2. HP: 15/15 MP: 2/8
   670 | D:1      | Reached skill level 5 in Conjurations
   704 | D:1      | Reached XP level 3. HP: 19/19 MP: 8/10
  1178 | D:2      | Reached XP level 4. HP: 18/24 MP: 2/12
  1395 | D:2      | Noticed Jessica
  1403 | D:2      | Killed Jessica
  1523 | D:2      | Reached skill level 6 in Conjurations
  1609 | D:2      | Learned a level 4 spell: Iskenderun's Mystic Blast
  1798 | D:2      | Reached XP level 5. HP: 28/28 MP: 7/14
  1974 | D:3      | Learned a level 5 spell: Iskenderun's Battlesphere
  1983 | D:3      | Reached skill level 5 in Spellcasting
  1983 | D:3      | Reached skill level 1 in Charms
  3058 | D:4      | Reached XP level 6. HP: 32/32 MP: 13/16
  3283 | D:4      | Noticed Eustachio
  3406 | D:4      | Found Odit's Assorted Antiques.
  3422 | D:4      | Bought a lumpy emerald potion for 20 gold pieces
  3422 | D:4      | Bought a scroll labeled FEWUCA QOFUOSU for 23 gold pieces
  3422 | D:4      | Bought a scroll labeled LIAL BORYLEUDU for 23 gold pieces
  3422 | D:4      | Bought a scroll labeled RISEVOTHEN for 23 gold pieces
  3495 | D:4      | Noticed Edmund
  3513 | D:4      | Killed Edmund
  3513 | D:4      | Reached skill level 7 in Conjurations
  3582 | D:4      | Noticed Sigmund
  3583 | D:4      | Slain by a quasit

Vault maps used:
D:1:      dpeg_arrival_snail
D:2:      grunt_ministairs_10, minivault_27, nrook_uturn, uniq_jessica
D:3:      first_bread, minmay_tree_intersection
D:4:      minmay_temple_entry_glassed_door, serial_shops,
          nicolae_shop_overgrown_old_shop, grunt_ministairs_7,
          sigmund_edmund_badplayer, uniq_eustachio

Skill      XL: |  1  2  3  4  5  6 |
---------------+-------------------+-----
Conjurations   | 5 6 7 |  7.0
Spellcasting   | 4 5 6 |  6.2
Charms         | 2 4 |  4.3
Dodging        | |  2.4
Stealth        | |  2.4

Action                   |  1- 3 |  4- 6 || total
-------------------------+-------+-------++-------
Melee: Unarmed           |       |     1 ||     1
 Cast: Magic Dart        |    74 |   136 ||   210
       Iskenderun's Myst |       |     6 ||     6
       Iskenderun's Batt |       |     4 ||     4
  Use: Potion            |       |     5 ||     5
       Scroll            |       |     3 ||     3
  Eat: Chunk             |     1 |    17 ||    18
